 Dungeon Crawl Stone Soup version 0.30-a0-50-gb2d611f6b1 (webtiles) character file.

Game seed: 15366434244827624625

214 Ivica the Chiller (level 5, 0/35 HPs)
             Began as a Demonspawn Ice Elementalist on Sept 3, 2022.
             Was an Initiate of Kikubaaqudgha.
             Killed from afar by Blork the orc (6 damage)
             ... with a puff of frost
             ... on level 4 of the Dungeon.
             The game lasted 00:35:58 (4989 turns).

Ivica the Chiller (Demonspawn Ice Elementalist)     Turns: 4989, Time: 00:35:58

Health: 0/35       AC: -6    Str:  8    XL:     5   Next: 59%
Magic:  4/10       EV: 17    Int: 17    God:    Kikubaaqudgha [......]
Gold:   100        SH:  0    Dex: 13    Spells: 10/11 levels left

rFire   + . .      SeeInvis .    n - staff of fire
rCold   . . .      Faith    .    (no shield)
rNeg    . . .      Spirit   .    a - +0 robe
rPois   .          Reflect  .    k - +0 hat
rElec   .          Harm     .    (no cloak)
rCorr   .          Rampage  .    (no gloves)
Will    +....                    (no boots)
Stlth   ++........               h - amulet of regeneration
HPRegen 0.91/turn                (no ring)
MPRegen 0.12/turn                (no ring)

@: mighty, agile, corroded
A: claws 2, powered by pain 1, dopey 1, strong-willed 1
a: Renounce Religion


You were on level 4 of the Dungeon.
You worshipped Kikubaaqudgha.
Kikubaaqudgha was noncommittal.
You visited 1 branch of the dungeon, and saw 4 of its levels.

You collected 100 gold pieces.

Inventory:

Hand Weapons
 c - a +0 dagger of venom
 d - a +0 dagger
 e - a +0 sling
 f - a +0 club
 g - a +0 dagger
 l - a +0 sling
 o - a +0 dagger
 q - a +0 hand axe
 r - a +0 whip
 v - a +0 short sword
 z - a +0 club
 D - a +0 club
 E - a +0 whip
 F - a +0 dagger
 H - a +0 hand axe
 I - a +0 hand axe
Missiles
 i - 6 poisoned darts
 t - 20 stones
Armour
 a - a +0 robe (worn)
 k - a +0 hat (worn)
 m - a +0 ring mail
 u - a +0 ring mail
 w - a +0 ring mail
 x - a +0 robe
 y - a +0 robe
 B - a +0 robe
 C - a +0 robe
 G - an orb of wrath
Magical Staves
 n - a staff of fire (weapon)
Jewellery
 h - an amulet of regeneration (around neck)
Scrolls
 s - a scroll of vulnerability
Potions
 b - 2 potions of magic
 j - a potion of degeneration
 p - a potion of brilliance


   Skills:
 + Level 0.1 Staves
 + Level 2.0 Dodging
 + Level 2.5 Stealth
 + Level 3.6 Spellcasting
 + Level 5.0 Ice Magic


You had 10 spell levels left.
You knew the following spells:

 Your Spells              Type           Power      Damage    Failure   Level
a - Freeze                Ice            80%        1d9       1%          1

Your spell library contained the following spells:

 Spells                   Type           Power      Damage    Failure   Level
 Frozen Ramparts          Ice            40%        1d7       6%          3
 Ozocubu's Armour         Ice            20%        N/A       6%          3
 Foxfire                  Conj/Fire      16%        2x1d4     17%         1
 Conjure Flame            Conj/Fire      4%         6-21      45%         3
 Inner Flame              Hex/Fire       4%         N/A       45%         3
 Hailstorm                Conj/Ice       11%        3d5       50%         4
 Flame Wave               Conj/Fire      4%         2d5       86%         4


Dungeon Overview and Level Annotations

Branches:
Dungeon (4/15)
 Temple: D:4-7

Altars:
Ashenzari
Kikubaaqudgha
Okawaru
Vehumet

Annotations:
D:4 Blork the orc


Innate Abilities, Weirdness & Mutations

You have very sharp fingernails.
You sometimes gain a little power by taking damage.
You are dopey. (Int -2)
You are strong-willed. (Will+)


Message History

Aiming: Freeze (safe; 2% risk of failure)
Press: ? - help, Shift-Dir - straight line, f/p - jelly
Aim: a jelly (almost dead)
You freeze the jelly!
You kill the jelly!
Kikubaaqudgha accepts your kill.
Blork the orc shouts!
Your Ice Magic skill increases to level 5!
Okay, then.
Casting: Freeze (safe; 1% risk of failure)
Confirm with . or Enter, or press ? or * to list all spells.
Aiming: Freeze (safe; 1% risk of failure)
Press: ? - help, Shift-Dir - straight line, f - endoplasm
Aim: an endoplasm You freeze the endoplasm.
The endoplasm is severely wounded.
Blork the orc hits you from afar with a +0 antimagic glaive!
* * * LOW HITPOINT WARNING * * *
The endoplasm misses you. The endoplasm attacks as you move away!
The endoplasm barely misses you.
Blork the orc casts a spell.
Blork the orc seems to speed up.
Blork the orc miscasts a cantrip.
Casting: Freeze (safe; 1% risk of failure)
Confirm with . or Enter, or press ? or * to list all spells.
Aiming: Freeze (safe; 1% risk of failure)
Press: ? - help, Shift-Dir - straight line, f/p - endoplasm
Aim: an endoplasm (heavily wounded)
You freeze the endoplasm.
You kill the endoplasm!
Kikubaaqudgha accepts your kill.
Blork the orc hits you from afar with a +0 antimagic glaive!
* * * LOW HITPOINT WARNING * * *
You focus on the pain.
You feel agile all of a sudden.
You feel your power leaking away.
Blork the orc points at you and mumbles some strange words.
The puff of frost hits you.
You die...
Kikubaaqudgha rasps: "You have failed me!
Welcome... death!"

. #.........###
.####.##........# #..
............# #.#
#.#.#.†.....#
####.###.#.#.......##
#o..................#
#.##.#####.#........##
#.##o#####.#.........#
#o##..@.............#.#
#.#########.........#.#
#######.##
#...........#
#o.......#
#.##...#...##
.!.......# ...>.>.##..#
##.##...... ...... ..#
#. #......# ....## #.#
#..)...# .... .#
#....### ... .#


You could see Blork the orc (fast).

Vanquished Creatures
  A bullfrog (D:4)
  A jelly (D:4)
  Natasha (twice) (D:3)
  2 adders (D:2)
  A dart slug (D:1)
  An orc (D:4)
  11 endoplasms
  2 giant cockroaches
  4 goblins (D:1)
  4 hobgoblins
  A quokka (D:1)
  7 ball pythons
  3 bats
  3 frilled lizards
  A kobold (D:2)
  7 rats
51 creatures vanquished.

Notes
Turn   | Place    | Note
-------+----------+-------------------------------------------
     0 | D:1      | Ivica the Demonspawn Ice Elementalist began the quest for
                  | the Orb.
     0 | D:1      | Reached XP level 1. HP: 13/13 MP: 3/3
   373 | D:1      | Gained mutation: You are dopey. (Int -2) [potion of
                  | mutation]
   373 | D:1      | Gained mutation: You are strong-willed. (Will+) [potion of
                  | mutation]
   531 | D:1      | Gained mutation: You have sharp fingernails. [demonic
                  | ancestry]
   531 | D:1      | Reached XP level 2. HP: 17/19 MP: 1/5
   842 | D:1      | Reached skill level 4 in Ice Magic
  2759 | D:2      | Gained mutation: You sometimes gain a little power by
                  | taking damage. [demonic ancestry]
  2759 | D:2      | Reached XP level 3. HP: 24/24 MP: 1/6
  2976 | D:2      | Found a broken altar of Ashenzari.
  3929 | D:3      | Found a radiant altar of Vehumet.
  3929 | D:3      | Found an ancient bone altar of Kikubaaqudgha.
  3971 | D:3      | Found a faded altar of an unknown god.
  4049 | D:3      | Became a worshipper of Kikubaaqudgha
  4356 | D:3      | Found an iron altar of Okawaru.
  4389 | D:3      | Noticed Natasha
  4398 | D:3      | Killed Natasha
  4399 | D:3      | Reached XP level 4. HP: 17/30 MP: 0/8
  4709 | D:3      | Noticed Natasha
  4724 | D:3      | Killed Natasha
  4879 | D:4      | Noticed a bullfrog
  4886 | D:4      | Killed a bullfrog
  4887 | D:4      | Gained mutation: You have very sharp fingernails. [demonic
                  | ancestry]
  4887 | D:4      | Reached XP level 5. HP: 25/35 MP: 4/10
  4970 | D:4      | Noticed Blork the orc
  4979 | D:4      | Reached skill level 5 in Ice Magic
  4989 | D:4      | Killed from afar by Blork the orc

Illustrated notes

Levels and vault maps discovered:
D:1:      sevenhm_arrival_forest_fort_large_4, layout_basic
D:2:      layout_basic, basic_altar, minivault_23, minmay_tromino_mix6
D:3:      layout_loops_cross, okawaru_gym_becter,
          chequers_temple_overflow_statue_of_worship,
          hellmonk_ecumenical_altar_heavens_door, kennysheep_donut,
          palyth_stone_intersect, uniq_natasha
D:4:      layout_loops_cross, nicolae_dithmenos_the_darkroom,
          minmay_temple_entry_hall, serial_shops, shop_statue,
          portal_sewer_entry_a, minmay_distorted, uniq_edmund,
          uniq_blork_the_orc

Skill      XL: |  1  2  3  4  5 |
---------------+----------------+-----
Ice Magic      | 4 5 |  5.0
Stealth        | 2 |  2.5
Dodging        | 2 |  2.0
Spellcasting   | 3 |  3.6
Staves         | |  0.1

Action                   |  1- 3 |  4- 6 || total
-------------------------+-------+-------++-------
Melee: Unarmed           |     1 |       ||     1
       Staff             |     2 |     1 ||     3
 Cast: Freeze            |    77 |    16 ||    93
  Use: Potion            |     6 |     2 ||     8
       Scroll            |     7 |       ||     7
 Stab: Sleeping          |     2 |       ||     2
Armor: Robe              |     4 |       ||     4
Dodge: Dodged            |    41 |     5 ||    46

Table legend: (Time is in decaauts)
 A = Elapsed time spent in this place.
 B = Non-inter-level travel time spent in this place.
 C = Inter-level travel time spent in this place.
 D = Time resting spent in this place.
 E = Time spent auto-exploring this place.
 F = Levels seen in this place.
 G = Mean time per level.
                   A        B        C        D        E       F      G
               +--------+--------+--------+--------+--------+-----+--------+
         Total |   4997 |   4987 |     10 |   1838 |   2042 |   4 | 1249.2 |
       Dungeon |   4997 |   4987 |     10 |   1838 |   2042 |   4 | 1249.2 |
               +--------+--------+--------+--------+--------+-----+--------+

Top non-repeatable levels by time:
     D:1: 2674 daAuts
     D:2: 1253 daAuts
     D:3: 949 daAuts
     D:4: 119 daAuts
